AoeStats
← Alemdar

Arabia

510104925Analyzed
1v1 RM · 4d ago on Sep 29, 2026· 22m 5s· 2 players
Game mode
Random Map
Map size
Tiny (2 player)
Population
200
Speed
Normal
Resources
Standard
Victory
Conquest
Starting age
Dark Age
Ending age
Imperial Age
RankedLock teamsTeams togetherTeam positionsShared explorationLock speedFull tech treeHidden civsTurbo modeCheats
Victory
Defeat
🇹🇷 Magyars · Türkiye
1417
+15
🇦🇺 Magyars · Australia
1387
-15
Civ_Picker
7:26 Loom
10:40 Feudal Age
15:40 Castle Age
13:40 Double-Bit Axe
13:46 Horse Collar
Alemdar
8:15 Loom
10:01 Feudal Age
15:37 Castle Age
17:24 Stone Mining
22:25 Horse Collar
Connection lost

Rejoining the realm…

Still unreachable

The connection could not be restored.

Session expired

The server has moved on; the page needs a fresh start.